 Dungeon Crawl Stone Soup version 0.30.1-9-gdf580d7c3d (webtiles) character file.

Game seed: 12419769863492858257

49 Ivernyr the Ruffian (level 3, -1/30 HPs)
             Began as a Ghoul Gladiator on Oct 4, 2023.
             Slain by a hobgoblin zombie (4 damage)
             ... in an ossuary.
             The game lasted 00:01:27 (791 turns).

Ivernyr the Ruffian (Ghoul Gladiator)                Turns: 791, Time: 00:01:28

Health: -1/30      AC:  4    Str: 19    XL:     3   Next: 75%
Magic:  2/2        EV: 12    Int:  3    God:
Gold:   42         SH:  0    Dex: 10    Spells: 2/2 levels left

rFire   . .          .
                       - Unarmed
rCold   + . .        (no shield)
rNeg    + + +        a - +0 leather armour
rPois   ∞            b - +0 helmet
rElec   .            (no cloak)
rCorr   .            (no gloves)
SInv    .            (no boots)
Will    .....        (no amulet)
Stlth   +            (no ring)
HPRegen 0.00/turn    (no ring)
MPRegen 0.08/turn

%: no passive effects
@: inhibited regen
A: claws 1, cold resistance 1, negative energy resistance 3, inhibited
regeneration, torment resistance 2, devour on kill
a: no special abilities


You were in an ossuary.
You visited 1 branch of the dungeon, and saw 3 of its levels.
You also visited: Ossuary.

You collected 42 gold pieces.

Inventory:

Missiles
 c - 3 throwing nets (quivered)
 d - a javelin
Armour
 a - a +0 leather armour (worn)
 b - a +0 helmet (worn)
Scrolls
 e - a scroll of poison {unknown}
 i - a scroll of enchant weapon {unknown}
 j - a scroll of brand weapon {unknown}
Potions
 f - a potion of haste {unknown}
 g - a potion of curing {unknown}
 h - a potion of magic {unknown}
 k - a potion of might {unknown}


   Skills:
 + Level 2.7 Fighting
 - Level 1.7 Throwing
 + Level 1.0 Armour
 + Level 3.0 Dodging
 * Level 4.1 Unarmed Combat


You had 2 spell levels left.
You didn't know any spells.
Your spell library was empty.

Dungeon Overview and Level Annotations

Branches:
Dungeon (4/15)            Ossuary (1/1)
 Temple: D:4-7

Altars:


Innate Abilities, Weirdness & Mutations

You are immune to poison.
You have sharp fingernails.
Your flesh is cold resistant. (rC+)
You are immune to negative energy. (rN+++)
You do not regenerate when monsters are visible.
You are immune to unholy pain and torment.
You thrive by killing the living.


Message History

The centaur zombie attacks as you move away!
The centaur zombie hits you but does no damage.
The centaur zombie kicks you but does no damage.
You scratch the centaur zombie.
The centaur zombie is almost destroyed.
The centaur zombie hits you but does no damage.
The centaur zombie kicks you but does no damage.
The centaur zombie hits you but does no damage.
The centaur zombie kicks you but does no damage.
You scratch the centaur zombie.
The centaur zombie is almost destroyed.
The centaur zombie hits you.
* * * LOW HITPOINT WARNING * * *
The centaur zombie completely misses you.
The hobgoblin zombie hits you but does no damage.
You claw the centaur zombie!
You destroy the centaur zombie!
Your Armour skill increases to level 1!
Your Dodging skill increases to level 3!
Your Unarmed Combat skill increases to level 4!
You have reached level 3!
Your experience leads to an increase in your attributes!
Increase (S)trength, (I)ntelligence, or (D)exterity?
You feel stronger. x2
You claw the hobgoblin zombie!
The hobgoblin zombie is severely damaged.
The hobgoblin zombie misses you.
You claw the hobgoblin zombie!
You destroy the hobgoblin zombie!
The hobgoblin zombie hits you but does no damage.
You scratch the hobgoblin zombie.
The hobgoblin zombie is moderately damaged.
The hobgoblin zombie closely misses you.
The hobgoblin zombie misses you.
You scratch the hobgoblin zombie.
The hobgoblin zombie is almost destroyed.
You scratch the hobgoblin zombie.
You destroy the hobgoblin zombie!
The hobgoblin zombie hits you.
You die...

##### ##...##
##.....##
#...∩...#
#.......#
#...∩Z..#
##....@##
##..Z## #...#
#####...#####
#...........#
##.........##
#...........#
##.........##
#...........#


You could see a hobgoblin zombie and an orc zombie.

Vanquished Creatures
  A centaur zombie (Ossuary)
  An orc (D:4)
  An endoplasm (D:1)
  A giant cockroach (D:1)
  A goblin (D:2)
  2 jackals (D:1)
  3 ball pythons (D:1)
  2 bats (D:1)
  A frilled lizard (D:2)
  2 goblin zombies (Ossuary)
  2 hobgoblin zombies (Ossuary)
  An orc zombie (Ossuary)
  A rat (D:1)
19 creatures vanquished.

Notes
Turn   | Place    | Note
-------+----------+-------------------------------------------
     0 | D:1      | Ivernyr the Ghoul Gladiator began the quest for the Orb.
     0 | D:1      | Reached XP level 1. HP: 17/17 MP: 0/0
   370 | D:1      | Reached XP level 2. HP: 25/25 MP: 1/1
   743 | D:2      | You fall into a shaft and drop 2 floors!
   758 | D:4      | Found a sand-covered staircase.
   764 | Ossuary  | Entered an ossuary
   787 | Ossuary  | Reached skill level 1 in Armour
   787 | Ossuary  | Reached skill level 4 in Unarmed Combat
   787 | Ossuary  | Reached XP level 3. HP: 3/30 MP: 2/2
   791 | Ossuary  | Slain by a hobgoblin zombie

Illustrated notes

Levels and vault maps discovered:
D:1:      tekkud_arrival_beachfront_property, layout_basic,
          serial_park_tiny_pond
D:2:      layout_loops_ring, shapermc_ecumenical_altar_flowoftime, uniq_jessica
D:4:      layout_cave_pools, nicolae_overflow_hallway_of_the_gods, serial_shops,
          nicolae_shop_just_a_little_nook, shop, kennysheep_mini,
          nicolae_shop_tiny_real_fake_doors, nicolae_shop_trees,
          nicolae_ossuary_entry_plus
Ossuary:  minmay_ossuary_gauntlet

Skill      XL: |  1  2 |
---------------+-------+-----
Armour         | 1 |  1.0
Dodging        | 3 |  3.0
Unarmed Combat | 4 |  4.1
Fighting       | |  2.7
Throwing       | |  1.7

Action                     || total
---------------------------++-------
  Melee: Unarmed           ||    49
         Punch             ||     1
 Armour: Leather armour    ||    29
  Dodge: Dodged            ||    63
